| TOP OF THE 1ST |
|
Oakland Athletics batting - Pitching for California Angels : LHP Jeff Baker
|
|
Pitching: LHP Jeff Baker
|
|
|
Batting: RHB Jason May
|
0-0: Ball 1-0: Ball 2-0: Called Strike 2-1: Called Strike 2-2: Foul Ball, location: 2F 2-2: Foul Ball, location: 2F 2-2: Ground out 3-1 (Groundball, 34, EV 78.8 MPH)
|
|
Batting: LHB Tom Butterbaugh
|
0-0: Ball 1-0: Called Strike 1-1: Ball 2-1: Ball 3-1: Base on Balls
|
|
Batting: RHB Muneo Kawachi
|
0-0: Ball 1-0: Ball Tom Butterbaugh is caught stealing 2nd base 2-4 2-0: Fly out, F9 (Line Drive, 89M, EV 108.8 MPH)
|
| Top of the 1st over - 0 runs, 0 hits, 0 errors, 0 left on base; Oakland 0 - California 0 |
| BOTTOM OF THE 1ST |
|
California Angels batting - Pitching for Oakland Athletics : RHP Aaron Garard
|
|
Pitching: RHP Aaron Garard
|
|
|
Batting: LHB Rusty Ney
|
0-0: Swinging Strike 0-1: Ball 1-1: Ball 2-1: Ball 3-1: Foul Ball, location: 2F 3-2: Foul Ball, location: 2F 3-2: Base on Balls
|
|
Batting: RHB Nick Dunn
|
0-0: Swinging Strike 0-1: Ball 1-1: Grounds into double play, 6-4-3 (Groundball, 6, EV 76.9 MPH)
|
|
Batting: RHB Preston Deakyne
|
0-0: Ball 1-0: Ball 2-0: Foul Ball, location: 2F 2-1: Fly out, F8 (Flyball, 8LXD, EV 96.2 MPH)
|
| Bottom of the 1st over - 0 runs, 0 hits, 0 errors, 0 left on base; Oakland 0 - California 0 |
| TOP OF THE 2ND |
|
Oakland Athletics batting - Pitching for California Angels : LHP Jeff Baker
|
|
Batting: RHB Randy Shrewsbury
|
0-0: Called Strike 0-1: SOLO HOME RUN (Flyball, 78XD, EV 99.4 MPH), Distance : 410 ft
|
|
Batting: RHB Jorge Severiano
|
0-0: Ball 1-0: Fly out, F8 (Line Drive, 8RD, EV 91.2 MPH)
|
|
Batting: RHB Robby Juarez
|
0-0: Ball 1-0: SINGLE (Line Drive, 8RS, EV 104.4 MPH)
|
|
Batting: RHB Nick Gentzel
|
0-0: Called Strike 0-1: Ball 1-1: Ball 2-1: Foul Ball, location: 2F 2-2: Strikes out swinging
|
|
Batting: LHB Jeff Luvisi
|
0-0: Ball 1-0: Ball Robby Juarez steals 2nd base 2-0: Ball 3-0: Foul Ball, location: 2F 3-1: Base on Balls
|
|
Batting: SHB Quincy Bradford
|
0-0: Ball 1-0: Fly out, F9 (Flyball, 9, EV 86.2 MPH)
|
| Top of the 2nd over - 1 run, 2 hits, 0 errors, 2 left on base; Oakland 1 - California 0 |
| BOTTOM OF THE 2ND |
|
California Angels batting - Pitching for Oakland Athletics : RHP Aaron Garard
|
|
Batting: LHB Mark Reeg
|
0-0: Ball 1-0: Ball 2-0: Called Strike 2-1: Swinging Strike 2-2: Ball 3-2: Ground out 4-3 (Groundball, 4, EV 80.0 MPH)
|
|
Batting: RHB Alain Delhaye
|
0-0: Called Strike 0-1: Called Strike 0-2: Ball 1-2: Ball 2-2: Ground out 6-3 (Groundball, 6, EV 78.1 MPH)
|
|
Batting: LHB Jonathon Walton
|
0-0: Foul Ball, location: 2F 0-1: Foul Ball, location: 2F 0-2: Ball 1-2: Foul Ball, location: 2F 1-2: Ball 2-2: Ball 3-2: Strikes out swinging
|
| Bottom of the 2nd over - 0 runs, 0 hits, 0 errors, 0 left on base; Oakland 1 - California 0 |
| TOP OF THE 3RD |
|
Oakland Athletics batting - Pitching for California Angels : LHP Jeff Baker
|
|
Batting: RHB Jason May
|
0-0: Foul Ball, location: 2F 0-1: Ball 1-1: Ball 2-1: Foul Ball, location: 2F 2-2: SINGLE (Line Drive, 3D, EV 94.4 MPH)
|
|
Batting: LHB Tom Butterbaugh
|
0-0: Foul Ball, location: 2F 0-1: Ball 1-1: Ball 2-1: Ball 3-1: Ground out 4-3 (Groundball, 34, EV 85.6 MPH) Jason May to second
|
|
Batting: RHB Muneo Kawachi
|
0-0: Ball 1-0: Called Strike 1-1: Ball 2-1: Foul Ball, location: 2F 2-2: Foul Ball, location: 2F 2-2: Ball 3-2: SINGLE (Groundball, P, EV 86.9 MPH) (infield hit) Jason May to third
|
|
Batting: RHB Randy Shrewsbury
|
0-0: Foul Ball, location: 2F 0-1: Fly out, F9 (Flyball, 9S, EV 86.9 MPH) Runner from 3rd tags up, SCORES, throw by RF
|
|
Batting: RHB Jorge Severiano
|
0-0: Ball 1-0: Ball 2-0: Called Strike 2-1: Foul Ball, location: 2F 2-2: Ball 3-2: Ground out 5-3 (Groundball, 56S, EV 70.0 MPH)
|
| Top of the 3rd over - 1 run, 2 hits, 0 errors, 1 left on base; Oakland 2 - California 0 |
| BOTTOM OF THE 3RD |
|
California Angels batting - Pitching for Oakland Athletics : RHP Aaron Garard
|
|
Batting: RHB Bjoern Waltersson
|
0-0: Called Strike 0-1: Ball 1-1: Ball 2-1: SINGLE (Line Drive, 56, EV 104.4 MPH)
|
|
Batting: LHB Javier Trujillo
|
0-0: Ball 1-0: Ball 2-0: Foul Ball, location: 2F 2-1: Swinging Strike 2-2: Ball 3-2: Foul Ball, location: 2F 3-2: Base on Balls Bjoern Waltersson to second
|
|
Batting: RHB Avery Maxwell
|
0-0: Ball 1-0: Swinging Strike 1-1: Grounds into TRIPLE play, 5-4 (Groundball, 5L, EV 105.6 MPH)
|
| Bottom of the 3rd over - 0 runs, 1 hit, 0 errors, 0 left on base; Oakland 2 - California 0 |
| TOP OF THE 4TH |
|
Oakland Athletics batting - Pitching for California Angels : LHP Jeff Baker
|
|
Batting: RHB Robby Juarez
|
0-0: Foul Ball, location: 2F 0-1: Called Strike 0-2: Foul Ball, location: 2F 0-2: Ball 1-2: Fly out, F7 (Flyball, 78D, EV 100.6 MPH)
|
|
Batting: RHB Nick Gentzel
|
0-0: Ball 1-0: Called Strike 1-1: Foul Ball, location: 2F 1-2: Strikes out swinging
|
|
Batting: LHB Jeff Luvisi
|
0-0: Ball 1-0: Swinging Strike 1-1: Foul Ball, location: 2F 1-2: Fly out, F8 (Line Drive, 8LD, EV 95.6 MPH)
|
| Top of the 4th over - 0 runs, 0 hits, 0 errors, 0 left on base; Oakland 2 - California 0 |
| BOTTOM OF THE 4TH |
|
California Angels batting - Pitching for Oakland Athletics : RHP Aaron Garard
|
|
Batting: LHB Rusty Ney
|
0-0: Ball 1-0: Foul Ball, location: 2F 1-1: Ball 2-1: Ball 3-1: Foul Ball, location: 2F 3-2: Foul Ball, location: 2F 3-2: Base on Balls
|
|
Batting: RHB Nick Dunn
|
Pickoff Throw to First - Out! 1-3 0-0: Ball 1-0: DOUBLE (Line Drive, 7LS, EV 96.2 MPH)
|
|
Batting: RHB Preston Deakyne
|
0-0: Called Strike 0-1: Ball 1-1: Ground out U3 (Groundball, 34S, EV 83.8 MPH) Nick Dunn to third
|
|
Batting: LHB Mark Reeg
|
0-0: Ball 1-0: Foul Ball, location: 2F 1-1: Foul Ball, location: 2F 1-2: Ball 2-2: 2-RUN HOME RUN (Flyball, 9LD, EV 96.2 MPH), Distance : 349 ft
|
|
Batting: RHB Alain Delhaye
|
0-0: Ball 1-0: Ground out 5-3 (Groundball, 56S, EV 83.8 MPH)
|
| Bottom of the 4th over - 2 runs, 2 hits, 0 errors, 0 left on base; Oakland 2 - California 2 |
| TOP OF THE 5TH |
|
Oakland Athletics batting - Pitching for California Angels : LHP Jeff Baker
|
|
Batting: SHB Quincy Bradford
|
0-0: Ball 1-0: Ball 2-0: Ball 3-0: Called Strike 3-1: SINGLE (Groundball, 56S, EV 70.6 MPH) (infield hit)
|
|
Batting: RHB Jason May
|
0-0: Ball 1-0: Ball 2-0: Fly out, F9 (Flyball, 9D, EV 84.4 MPH)
|
|
Batting: LHB Tom Butterbaugh
|
0-0: Grounds into double play, 6-4-3 (Groundball, 6, EV 83.1 MPH)
|
| Top of the 5th over - 0 runs, 1 hit, 0 errors, 0 left on base; Oakland 2 - California 2 |
| BOTTOM OF THE 5TH |
|
California Angels batting - Pitching for Oakland Athletics : RHP Aaron Garard
|
|
Batting: LHB Jonathon Walton
|
0-0: Called Strike 0-1: Bunt for hit to 5S - play at first, batter safe!
|
|
Batting: RHB Bjoern Waltersson
|
0-0: Ball 1-0: Ground out 5-3 (Groundball, 5S, EV 64.4 MPH) Jonathon Walton to second
|
|
Batting: LHB Javier Trujillo
|
0-0: Foul Ball, location: 2F 0-1: Foul Ball, location: 2F 0-2: Ball 1-2: Ground out 4-3 (Groundball, 4, EV 88.8 MPH) Jonathon Walton to third
|
|
Batting: RHB Avery Maxwell
|
0-0: Called Strike 0-1: Foul Ball, location: 2F 0-2: Ball 1-2: Ball 2-2: Foul Ball, location: 2F 2-2: Ground out 6-3 (Groundball, 6MD, EV 101.9 MPH)
|
| Bottom of the 5th over - 0 runs, 1 hit, 0 errors, 1 left on base; Oakland 2 - California 2 |
| TOP OF THE 6TH |
|
Oakland Athletics batting - Pitching for California Angels : LHP Jeff Baker
|
|
Batting: RHB Muneo Kawachi
|
0-0: Foul Ball, location: 2F 0-1: Ball 1-1: Foul Ball, location: 2F 1-2: Foul Ball, location: 2F 1-2: Strikes out swinging
|
|
Batting: RHB Randy Shrewsbury
|
0-0: Called Strike 0-1: Ball 1-1: Fly out, F7 (Line Drive, 7, EV 92.5 MPH)
|
|
Batting: RHB Jorge Severiano
|
0-0: Ball 1-0: Ball 2-0: Foul Ball, location: 2F 2-1: Swinging Strike 2-2: Ball 3-2: Strikes out swinging
|
| Top of the 6th over - 0 runs, 0 hits, 0 errors, 0 left on base; Oakland 2 - California 2 |
| BOTTOM OF THE 6TH |
|
California Angels batting - Pitching for Oakland Athletics : RHP Aaron Garard
|
|
Batting: LHB Rusty Ney
|
0-0: Ball 1-0: Foul Ball, location: 2F 1-1: Foul Ball, location: 2F 1-2: Ball 2-2: Ball 3-2: Base on Balls
|
|
Batting: RHB Nick Dunn
|
0-0: Foul Ball, location: 2F 0-1: Foul Ball, location: 2F 0-2: SINGLE (Line Drive, 9LS, EV 92.5 MPH) Rusty Ney to second Runner from 2nd tries for 3rd, SAFE, no throw by RF
|
|
Batting: RHB Preston Deakyne
|
0-0: Called Strike 0-1: Foul Ball, location: 2F 0-2: Ball 1-2: Foul Ball, location: 2F 1-2: Ball 2-2: Ball 3-2: SINGLE (Groundball, 4M, EV 102.5 MPH) (infield hit) Rusty Ney scores Nick Dunn to second
|
|
Batting: LHB Mark Reeg
|
0-0: Called Strike 0-1: Foul Ball, location: 2F 0-2: Foul Ball, location: 2F 0-2: Foul Ball, location: 2F 0-2: Ball 1-2: Grounds out, U3 (Groundball, 3L, EV 80.0 MPH) Nick Dunn to third
|
|
Pitching: RHP Elijah Everett
|
|
|
Batting: RHB Alain Delhaye
|
0-0: Swinging Strike 0-1: Swinging Strike 0-2: Strikes out looking
|
|
Batting: LHB Jonathon Walton
|
0-0: Ball 1-0: Ball 2-0: Called Strike 2-1: Swinging Strike 2-2: Foul Ball, location: 2F 2-2: Ball 3-2: Ground out 4-3 (Groundball, 34D, EV 101.2 MPH)
|
| Bottom of the 6th over - 1 run, 2 hits, 0 errors, 2 left on base; Oakland 2 - California 3 |
| TOP OF THE 7TH |
|
Oakland Athletics batting - Pitching for California Angels : LHP Jeff Baker
|
|
Batting: RHB Robby Juarez
|
0-0: Called Strike 0-1: Ball 1-1: Ball 2-1: Called Strike 2-2: Ball 3-2: SINGLE (Groundball, 4MD, EV 98.1 MPH)
|
|
Pitching: RHP Bryan Banana
|
|
|
Pinch Hitting: LHB Juan Concepcion
|
0-0: Ball 1-0: Foul Ball, location: 2F 1-1: Foul Ball, location: 2F 1-2: Ball 2-2: Strikes out looking
|
|
Batting: LHB Jeff Luvisi
|
0-0: Ball 1-0: Called Strike 1-1: SINGLE (Groundball, 6MD, EV 113.1 MPH) Robby Juarez to second Runner from 2nd tries for 3rd, SAFE, throw by CF made to third
|
|
Batting: SHB Quincy Bradford
|
0-0: Foul Ball, location: 2F 0-1: Ball 1-1: Ball 2-1: Called Strike 2-2: SINGLE (Line Drive, 8LS, EV 107.5 MPH) Robby Juarez scores Jeff Luvisi to second
|
|
Batting: RHB Jason May
|
0-0: Foul Ball, location: 2F 0-1: Fly out, F8 (Line Drive, 8RD, EV 86.9 MPH)
|
|
Batting: LHB Tom Butterbaugh
|
0-0: Ball 1-0: Ground out 4-3 (Groundball, 4, EV 103.8 MPH)
|
| Top of the 7th over - 1 run, 3 hits, 0 errors, 2 left on base; Oakland 3 - California 3 |
| BOTTOM OF THE 7TH |
|
California Angels batting - Pitching for Oakland Athletics : RHP Elijah Everett
|
|
Now in LF: Juan Concepcion
|
|
|
Batting: RHB Bjoern Waltersson
|
0-0: Ball 1-0: Swinging Strike 1-1: Swinging Strike 1-2: Ball 2-2: Ball 3-2: Ground out 6-3 (Groundball, 6, EV 86.9 MPH)
|
|
Batting: LHB Javier Trujillo
|
0-0: Ball 1-0: Ball 2-0: Foul Ball, location: 2F 2-1: Called Strike 2-2: Ground out 5-3 (Groundball, 56, EV 82.5 MPH)
|
|
Batting: RHB Avery Maxwell
|
0-0: Called Strike 0-1: Ball 1-1: Ball 2-1: Ground out 2-3 (Groundball, 13S, EV 67.5 MPH)
|
| Bottom of the 7th over - 0 runs, 0 hits, 0 errors, 0 left on base; Oakland 3 - California 3 |
| TOP OF THE 8TH |
|
Oakland Athletics batting - Pitching for California Angels : RHP Bryan Banana
|
|
Pitching: RHP Danny White
|
|
|
Batting: RHB Muneo Kawachi
|
0-0: Called Strike 0-1: Swinging Strike 0-2: Fly out, F7 (Flyball, 7D, EV 88.1 MPH)
|
|
Batting: RHB Randy Shrewsbury
|
0-0: Called Strike 0-1: Ball 1-1: Ball 2-1: Ball 3-1: Foul Ball, location: 2F 3-2: DOUBLE (Groundball, 5L, EV 94.4 MPH)
|
|
Batting: RHB Jorge Severiano
|
0-0: Intentional Walk
|
|
Batting: RHB Robby Juarez
|
0-0: Foul Ball, location: 2F 0-1: Called Strike 0-2: Foul Ball, location: 2F 0-2: Strikes out looking
|
|
Batting: LHB Juan Concepcion
|
0-0: Ball 1-0: Fielders Choice at 2nd, 6-4 (Groundball, 6MD, EV 101.2 MPH)
|
| Top of the 8th over - 0 runs, 1 hit, 0 errors, 2 left on base; Oakland 3 - California 3 |
| BOTTOM OF THE 8TH |
|
California Angels batting - Pitching for Oakland Athletics : RHP Elijah Everett
|
|
Pitching: RHP Hunter Vanderhyden
|
|
|
Batting: LHB Rusty Ney
|
0-0: Called Strike 0-1: Ball 1-1: Ball 2-1: SINGLE (Groundball, 4MD, EV 96.9 MPH)
|
|
Pinch Hitting: LHB Micah Miller
|
0-0: Ball 1-0: Called Strike 1-1: Foul Ball, location: 2F 1-2: Foul Ball, location: 2F 1-2: Ball 2-2: SINGLE (Groundball, 25, EV 68.1 MPH) (infield hit) Rusty Ney to second
|
|
Batting: RHB Preston Deakyne
|
0-0: Ball 1-0: Ball 2-0: Ball 3-0: Base on Balls Rusty Ney to third Micah Miller to second
|
|
Batting: LHB Mark Reeg
|
0-0: Ball 1-0: Swinging Strike 1-1: Ball 2-1: Foul Ball, location: 2F 2-2: Foul Ball, location: 2F 2-2: Foul Ball, location: 2F 2-2: Fly out, F9 (Flyball, 9LD, EV 96.9 MPH) Runner from 3rd tags up, SCORES, no throw by RF Micah Miller to third
|
|
Batting: RHB Alain Delhaye
|
0-0: Called Strike 0-1: Ball 1-1: Called Strike Preston Deakyne steals 2nd base 1-2: Foul Ball, location: 2F 1-2: Strikes out looking
|
|
Batting: LHB Jonathon Walton
|
0-0: Ball 1-0: Ball 2-0: Called Strike 2-1: Ground out 4-3 (Groundball, 4, EV 103.8 MPH)
|
| Bottom of the 8th over - 1 run, 2 hits, 0 errors, 2 left on base; Oakland 3 - California 4 |
| TOP OF THE 9TH |
|
Oakland Athletics batting - Pitching for California Angels : RHP Danny White
|
|
Pitching: LHP George Poirier
|
|
|
Now at 2B: Ryuji Ito
|
|
|
Batting: LHB Jeff Luvisi
|
0-0: Called Strike 0-1: Called Strike 0-2: Ball 1-2: Ball 2-2: SOLO HOME RUN (Flyball, 9D, EV 97.5 MPH), Distance : 370 ft
|
|
Batting: SHB Quincy Bradford
|
0-0: Foul Ball, location: 2F 0-1: SINGLE (Flyball, 6D, EV 83.1 MPH)
|
|
Batting: RHB Jason May
|
0-0: Grounds into double play, 5-4-3 (Groundball, 5, EV 90.0 MPH)
|
|
Batting: LHB Tom Butterbaugh
|
0-0: Ball 1-0: Called Strike 1-1: Foul Ball, location: 2F 1-2: Fly out, F8 (Flyball, 8RM, EV 85.0 MPH)
|
| Top of the 9th over - 1 run, 2 hits, 0 errors, 0 left on base; Oakland 4 - California 4 |
| BOTTOM OF THE 9TH |
|
California Angels batting - Pitching for Oakland Athletics : RHP Hunter Vanderhyden
|
|
Pitching: RHP Germano Nunes
|
|
|
Batting: RHB Bjoern Waltersson
|
0-0: Ball 1-0: Foul Ball, location: 2F 1-1: Called Strike 1-2: Foul Ball, location: 2F 1-2: Foul Ball, location: 2F 1-2: Fly out, F8 (Flyball, 8RD, EV 88.8 MPH)
|
|
Batting: LHB Javier Trujillo
|
0-0: Foul Ball, location: 2F 0-1: Foul Ball, location: 2F 0-2: Fly out, F7 (Flyball, 7D, EV 81.2 MPH)
|
|
Batting: RHB Avery Maxwell
|
0-0: Ball 1-0: Fly out, F7 (Flyball, 7, EV 90.6 MPH)
|
| Bottom of the 9th over - 0 runs, 0 hits, 0 errors, 0 left on base; Oakland 4 - California 4 |
| TOP OF THE 10TH |
|
Oakland Athletics batting - Pitching for California Angels : LHP George Poirier
|
|
Batting: RHB Muneo Kawachi
|
0-0: Ball 1-0: Called Strike 1-1: Swinging Strike 1-2: Strikes out looking
|
|
Batting: RHB Randy Shrewsbury
|
0-0: Ground out 5-3 (Groundball, 56, EV 87.5 MPH)
|
|
Batting: RHB Jorge Severiano
|
0-0: Ball 1-0: Foul Ball, location: 2F 1-1: Foul Ball, location: 2F 1-2: Fly out, F5 (Popup, 5F, EV 56.2 MPH)
|
| Top of the 10th over - 0 runs, 0 hits, 0 errors, 0 left on base; Oakland 4 - California 4 |
| BOTTOM OF THE 10TH |
|
California Angels batting - Pitching for Oakland Athletics : RHP Germano Nunes
|
|
Pitching: RHP Charlie Shook
|
|
|
Batting: LHB Rusty Ney
|
0-0: Called Strike 0-1: Fly out, F9 (Flyball, 9D, EV 94.4 MPH)
|
|
Batting: RHB Ryuji Ito
|
0-0: Ground out 4-3 (Groundball, 4, EV 97.5 MPH)
|
|
Batting: RHB Preston Deakyne
|
0-0: Called Strike 0-1: Foul Ball, location: 2F 0-2: Ball 1-2: Foul Ball, location: 2F 1-2: Strikes out swinging
|
| Bottom of the 10th over - 0 runs, 0 hits, 0 errors, 0 left on base; Oakland 4 - California 4 |
| TOP OF THE 11TH |
|
Oakland Athletics batting - Pitching for California Angels : LHP George Poirier
|
|
Batting: RHB Robby Juarez
|
0-0: Ground out 5-3 (Groundball, 56S, EV 66.9 MPH)
|
|
Batting: LHB Juan Concepcion
|
0-0: Ball 1-0: Fly out, F8 (Flyball, 8LXD, EV 103.8 MPH)
|
|
Batting: LHB Jeff Luvisi
|
0-0: Ball 1-0: Called Strike 1-1: Foul Ball, location: 2F 1-2: Foul Ball, location: 2F 1-2: Foul Ball, location: 2F 1-2: Strikes out swinging
|
| Top of the 11th over - 0 runs, 0 hits, 0 errors, 0 left on base; Oakland 4 - California 4 |
| BOTTOM OF THE 11TH |
|
California Angels batting - Pitching for Oakland Athletics : RHP Charlie Shook
|
|
Batting: LHB Mark Reeg
|
0-0: Ball 1-0: Ball 2-0: Ball 3-0: Base on Balls
|
|
Batting: RHB Alain Delhaye
|
0-0: Called Strike 0-1: Swinging Strike 0-2: Ball 1-2: 2-RUN HOME RUN (Flyball, 9D, EV 95.6 MPH), Distance : 361 ft
|
| Bottom of the 11th over - 2 runs, 1 hit, 0 errors, 0 left on base; Oakland 4 - California 6 |
|